 Dungeon Crawl Stone Soup version 0.23-a0-890-gc183402 (webtiles) character file.

Game seed: 5073320949908387827

432 drasked the Sneak (level 6, -6/28 HPs)
             Began as a Spriggan Enchanter on Jan 28, 2019.
             Mangled by a mummy (12 damage)
             ... in an ossuary.
             The game lasted 00:19:46 (5000 turns).

drasked the Sneak (Spriggan Enchanter)              Turns: 5000, Time: 00:19:47

Health: -6/28      AC:  2    Str:  5    XL:     6   Next: 67%
Magic:  0/16       EV: 18    Int: 21    God:
Gold:   231        SH:  0    Dex: 16    Spells: 11/17 levels left

rFire    . . .     SeeInvis +   a - +2 dagger
rCold    . . .     Gourm    .   (shield restricted)
rNeg     . . .     Faith    .   b - +0 robe
rPois    .         Spirit   .   (helmet restricted)
rElec    .         Reflect  .   (no cloak)
rCorr    .         Harm     .   (gloves unavailable)
MR       +....                  (boots unavailable)
Stlth    ++++......             (no amulet)
HPRegen  0.09/turn              q - +3 ring of intelligence
MPRegen  0.15/turn              (no ring)

@: about to teleport, very slightly contaminated, very quick
A: very small, unfitting armour, see invisible, herbivore, speed 3, slow
metabolism 2
a: no special abilities


You were in an ossuary.
You were not hungry.

You visited 1 branch of the dungeon, and saw 4 of its levels.
You also visited: Ossuary.

You collected 231 gold pieces.

Inventory:

Hand Weapons
 a - a +2 dagger (weapon)
Armour
 b - a +0 robe (worn)
Jewellery
 q - a +3 ring of intelligence (left hand)
   (You found it on level 3 of the Dungeon)
Scrolls
 c - 2 scrolls of teleportation
 f - 2 scrolls of identify
 h - 6 scrolls of remove curse
 i - 2 scrolls of enchant weapon
Potions
 e - a potion of invisibility {unknown}
 g - 4 potions of curing
 j - a potion of lignification {unknown}
 l - a potion of heal wounds {unknown}
 m - 2 potions of haste
 o - 2 potions of might {unknown}
Comestibles
 d - 4 rations


   Skills:
 + Level 2.8 Short Blades
 - Level 3.0 Dodging
 + Level 7.2 Stealth
 - Level 6.0 Spellcasting
 * Level 4.9 Hexes


You had 11 spell levels left.
You knew the following spells:

 Your Spells              Type           Power        Failure   Level  Hunger
a - Ensorcelled Hibernat  Hex/Ice        ###...       5%          2    None
c - Confuse               Hex            ####....     3%          3    ##.....
v - Corona                Hex            ####...      1%          1    None

Your spell library contained the following spells:

 Spells                   Type           Power        Failure   Level  Hunger
 Confusing Touch          Hex            ####..       1%          1    None
 Tukima's Dance           Hex            ####....     3%          3    ##.....
 Animate Skeleton         Necr           N/A          10%         1    None
 Apportation              Tloc           #.....       10%         1    None
 Summon Small Mammal      Summ           #...         10%         1    None
 Dazzling Spray           Conj/Hex       ###...       11%         3    ##.....


Dungeon Overview and Level Annotations

Branches:
Dungeon (4/15)
 Temple: D:4-7

Altars:
Elyvilon
Fedhas
Kikubaaqudgha
Qazlal
Ru
Uskayaw
Xom

Shops:
D:4 [


Innate Abilities, Weirdness & Mutations

You are very small and have problems with some larger weapons.
You are too small for most types of armour.
You have supernaturally acute eyesight. (SInv)
You are a herbivore.
You cover ground extremely quickly.
You need to consume almost no food.


Message History

You destroy the hound zombie!
A bullfrog zombie comes into view.
There is an open door here.
You hit the bog mummy but do no damage.
The bog mummy splashes around in the water.
You hit the bog mummy. You hit the bog mummy. The bullfrog zombie hits you.
You take 2 damage, and have 12/28 hp.
You hit the bog mummy.
The bullfrog zombie completely misses you. x2
You catch the helpless bog mummy completely off-guard!
You impale the bog mummy!!
You destroy the bog mummy!
The bullfrog zombie misses you. The bullfrog zombie hits you.
There is an open door here.
You take 3 damage, and have 9/28 hp.
You close the door.
There is an empty arch of ancient stone here.
You start resting.
A mummy opens the door.
You regained 2 hp, and now have 11/28 hp.
You regained 3 mp, and now have 6/16 mp.
Aim: a mummy (hasn't noticed you, chance to defeat MR: 55%)
The mummy appears confused.
You now have 3/16 mp.
Aim: a bullfrog zombie (chance to defeat MR: 68%)
The bullfrog zombie appears confused.
You now have 1/16 mp.
You barely miss the mummy. The mummy hits you.
* * * LOW HITPOINT WARNING * * *
You take 3 damage, and have 8/28 hp.
You hit the mummy. You barely miss the mummy.
The bullfrog zombie hits the mummy.
You hit the bullfrog zombie.
You catch the helpless bullfrog zombie completely off-guard!
You impale the bullfrog zombie!! The bullfrog zombie hits you.
* * * LOW HITPOINT WARNING * * *
You take 3 damage, and have 6/28 hp.
You strike the helpless bullfrog zombie from behind!
You impale the bullfrog zombie!!
You destroy the bullfrog zombie!
You hit the mummy but do no damage. The mummy barely misses you.
You hit the mummy.
A bog mummy comes into view.
You hit the mummy but do no damage. You hit the mummy. You hit the mummy.
You hit the mummy but do no damage. The mummy barely misses you.
You hit the mummy but do no damage. The mummy closely misses you.
You hit the mummy but do no damage.
You catch the helpless mummy completely off-guard!
You impale the mummy!!
You destroy the mummy!
Aim: a bog mummy (chance to defeat MR: 56%)
The bog mummy resists with significant effort.
You now have 0/16 mp.
A mummy comes into view.
A mummy and a zombie come into view.
There is an open door here.
You enter the shallow water.
Moving in this stuff is going to be slow.
You enter the shallow water.
Moving in this stuff is going to be slow.
A hound zombie comes into view.
There is an open door here.
The hound zombie closely misses you.
There is an open door here. 2 mummies and a zombie come into view.
The adder zombie moves out of view.
The hound zombie completely misses you.
There is an open door here.
You don't have enough magic to cast that spell.
The hound zombie misses you. The hound zombie barely misses you.
The hound zombie closely misses you.
There is an open door here.
The hound zombie barely misses you.
There is an open door here.
You don't have enough magic to cast that spell.
You don't have enough magic to cast that spell.
The hound zombie closely misses you. The hound zombie misses you.
There is an open door here.
The hound zombie closely misses you.
Okay, then.
The hound zombie bites you.
* * * LOW HITPOINT WARNING * * *
The hound zombie misses you.
You take 3 damage, and have 5/28 hp.
Aim: a mummy (chance to defeat MR: 56%)
You miscast Confuse.
You are very lightly contaminated with residual magic.
Nothing appears to happen.
The hound zombie bites you but does no damage.
You now have 0/16 mp.
As you read the scroll of teleportation, it crumbles to dust.
You feel strangely unstable. The mummy hits you!
You die...

'. '.' '.. #.
#.#####≈### +.
#M#∩.M#≈..# #.
#.#.∩.'Z≈≈# +.
#.#...#..P#
###.#####.#####M###
#.'.ZZM...M≈.≈≈.≈.#
###+#M#'#'#'#.≈.#≈#
#@#.#.≈P#.≈P#≈#
######≈#####≈≈# ###
≈≈≈≈ ####


You could see 2 mummies, an adder zombie and a hound zombie.

Vanquished Creatures
  A howler monkey (D:4)
  A bullfrog zombie (Ossuary)
  A bullfrog skeleton (D:4)
  4 mummies (Ossuary)
  2 worker ants
  A hound zombie (Ossuary)
  11 adders
  3 oozes
  A worm (D:2)
  5 dart slugs
  3 leopard geckos
  7 bats
  3 giant cockroaches
  11 goblins
  7 hobgoblins
  4 jackals (D:2)
  8 kobolds
  3 quokkas
  4 ball pythons
  3 frilled lizards
  A jackal zombie (Ossuary)
  8 rats
92 creatures vanquished.

Vanquished Creatures (others)
  A withered plant (Ossuary)
1 creature vanquished.

Grand Total: 93 creatures vanquished

Notes
Turn   | Place    | Note
-------+----------+-------------------------------------------
     0 | D:1      | drasked the Spriggan Enchanter began the quest for the Orb.
     0 | D:1      | Reached XP level 1. HP: 9/9 MP: 5/5
   137 | D:1      | Reached skill level 3 in Spellcasting
   499 | D:1      | Reached XP level 2. HP: 13/13 MP: 7/7
   503 | D:1      | Learned a level 2 spell: Ensorcelled Hibernation
  1273 | D:1      | Reached skill level 5 in Stealth
  1345 | D:1      | Reached XP level 3. HP: 16/16 MP: 1/9
  1720 | D:1      | Found a hide-covered altar of Uskayaw.
  1848 | D:2      | Reached skill level 2 in Short Blades
  1907 | D:2      | Reached skill level 4 in Spellcasting
  2138 | D:2      | Reached XP level 4. HP: 17/21 MP: 5/11
  2198 | D:2      | Learned a level 3 spell: Confuse
  2252 | D:2      | Found an ancient bone altar of Kikubaaqudgha.
  2265 | D:2      | Found a stormy altar of Qazlal.
  2267 | D:2      | Found a blossoming altar of Fedhas.
  2432 | D:2      | Reached skill level 5 in Spellcasting
  2551 | D:2      | Reached skill level 6 in Stealth
  2957 | D:3      | Reached XP level 5. HP: 24/24 MP: 13/13
  3561 | D:3      | Found a sacrificial altar of Ru.
  3585 | D:3      | HP: 6/24 [poisoned by an adder]
  3594 | D:3      | HP: 4/24 [poisoned by an adder]
  3601 | D:3      | HP: 4/24 [poisoned by an adder]
  3607 | D:3      | HP: 3/24 [poisoned by an adder]
  3614 | D:3      | HP: 2/24 [poisoned by an adder]
  4483 | D:4      | Reached skill level 6 in Spellcasting
  4524 | D:4      | Found Niuwuukh's Antique Armour Boutique.
  4677 | D:4      | Found a shimmering altar of Xom.
  4682 | D:4      | Reached skill level 4 in Hexes
  4682 | D:4      | Reached XP level 6. HP: 13/28 MP: 5/16
  4830 | D:4      | Found a white marble altar of Elyvilon.
  4855 | D:4      | Found a sand-covered staircase.
  4863 | Ossuary  | Entered an ossuary
  4892 | Ossuary  | Reached skill level 7 in Stealth
  4956 | Ossuary  | HP: 6/28 [bullfrog zombie (3)]
  4996 | Ossuary  | HP: 5/28 [hound zombie (3)]
  5000 | Ossuary  | Mangled by a mummy

Vault maps used:
D:1:      dpeg_arrival_lava_altar, interstate_on_off, minmay_hedge_maze,
          feat_on_display
D:2:      minitemple, first_ration, minmay_pentomino_o4
D:3:      lemuel_doored_altar
D:4:      marbit_many_paths, kennysheep_little_box, elyvilon_altar_5,
          lightli_ossuary_entry_decrepit_ruins, serial_shops, shop_coins,
          corexii_checkpoint_b, uniq_menkaure
Ossuary:  ossuary_zaba_flooded

Skill      XL: |  1  2  3  4  5  6 |
---------------+-------------------+-----
Spellcasting   | 3 4 5 6 |  6.0
Stealth        | 5 6 7 |  7.2
Short Blades   | 2 |  2.8
Hexes          | 4 |  4.9
Dodging        | |  3.0

Action                   |  1- 3 |  4- 6 || total
-------------------------+-------+-------++-------
Melee: Dagger            |    92 |   181 ||   273
 Cast: Ensorcelled Hiber |    21 |    26 ||    47
       Confuse           |       |     9 ||     9
  Use: Scroll            |       |     8 ||     8
 Stab: Sleeping          |    22 |    30 ||    52
       Confused          |       |     8 ||     8
  Eat: Ration            |       |     2 ||     2
Armor: Robe              |    10 |    12 ||    22
Dodge: Dodged            |    72 |   146 ||   218

Table legend:
 A = Non-vault XP
 B = Vault XP
 C = Vault XP percentage of total XP
 D = Non-vault monster count
 E = Vault monster count
 F = Vault count percentage of total count
                 A         B        C        D         E       F
            +---------+---------+-------+---------+---------+-------
      Total |     449 |     169 |  27.3 |      81 |      11 |  12.0
            +---------+---------+-------+---------+---------+-------
        D:1 |      49 |       0 |   0.0 |      26 |       0 |   0.0
        D:2 |     138 |       6 |   4.2 |      26 |       4 |  13.3
        D:3 |     118 |       0 |   0.0 |      22 |       0 |   0.0
        D:4 |     144 |       0 |   0.0 |       7 |       0 |   0.0
    Ossuary |       0 |     163 | 100.0 |       0 |       7 | 100.0
            +---------+---------+-------+---------+---------+-------

Vault maps used:
D:1:      dpeg_arrival_lava_altar, interstate_on_off, minmay_hedge_maze,
          feat_on_display
D:2:      minitemple, first_ration, minmay_pentomino_o4
D:3:      lemuel_doored_altar
D:4:      marbit_many_paths, kennysheep_little_box, elyvilon_altar_5,
          lightli_ossuary_entry_decrepit_ruins, serial_shops, shop_coins,
          corexii_checkpoint_b, uniq_menkaure
Ossuary:  ossuary_zaba_flooded

Table legend:
 A = Turns spent in this place as a percentage of turns spent in the entire game.
 B = Non-inter-level travel turns spent in this place as a percentage of non-inter-level travel turns spent in the entire game.
 C = Inter-level travel turns spent in this place as a percentage of turns spent in this place.
 D = Turns resting spent in this place as a percentage of non-inter-level travel turns spent in this place.
 E = Turns spent auto-exploring this place as a percentage of non-inter-level travel turns spent in this place.
 F = Non-inter-level travel turns spent in this place divided by the number of levels of this place that you've seen.
                   A       B       C       D       E      F
               +-------+-------+-------+-------+-------+----------------------
         Total | 100.0 | 100.0 |   2.0 |  36.6 |  40.0 | 979.8
       Dungeon |  97.3 |  97.2 |   2.1 |  37.0 |  41.2 | 1190.5
       Ossuary |   2.7 |   2.8 |   0.0 |  20.4 |   0.0 | 137.0
               +-------+-------+-------+-------+-------+----------------------

Table legend:
 A = Kills in this place as a percentage of kills in entire the game.
 B = Kills by you in this place as a percentage of kills by you in the entire game.
 C = Kills by friends in this place as a percentage of kills by friends in the entire game.
 D = Other kills in this place as a percentage of other kills in the entire game.
 E = Experience gained in this place as a percentage of experience gained in the entire game.
 F = Experience gained in this place divided by the number of levels of this place that you have seen.
                   A       B       C       D       E      F
               +-------+-------+-------+-------+-------+----------------------
         Total | 100.0 | 100.0 |   N/A | 100.0 | 100.0 | 123.6
       Dungeon |  92.4 |  94.4 |   N/A |   0.0 |  73.6 | 113.8
       Ossuary |   7.6 |   5.6 |   N/A | 100.0 |  26.4 | 163.0
               +-------+-------+-------+-------+-------+----------------------
